 Dungeon Crawl Stone Soup version 0.30-a0-778-g2ef04afb54 (webtiles) character file.

Game seed: 16636820193499370503

9665 Smoke131 the Deadly Accurate (level 11, -12/97 HPs)
             Began as an Ogre Gladiator on Feb 15, 2023.
             Was a Believer of Okawaru.
             Mangled by a blink frog (15 damage)
             ... on level 4 of the Lair of Beasts.
             The game lasted 00:40:48 (12833 turns).

Smoke131 the Deadly Accurate (Ogre Gladiator)      Turns: 12833, Time: 00:40:49

Health: -12/97     AC: 12    Str: 20    XL:     11   Next: 50%
Magic:  14/14      EV: 15    Int:  9    God:    Okawaru [**....]
Gold:   326        SH:  0    Dex: 14    Spells: 10/10 levels left

rFire   . . .      SeeInvis .    A - +7 staff of the Meek {protect, meekguard}
rCold   . . .      Faith    .    (shield currently unavailable)
rNeg    . . .      Spirit   .    h - +0 steam dragon scales
rPois   .          Reflect  .    c - +1 hat
rElec   .          Harm     .    n - +0 cloak
rCorr   .          Rampage  .    (gloves unavailable)
Will    +....                    (boots unavailable)
Stlth   +                        (no amulet)
HPRegen 0.36/turn                t - +5 ring of evasion
MPRegen 0.14/turn                x - +4 ring of protection

@: studying Earth Magic
A: large, unfitting armour, tough skin 1
a: Renounce Religion, Heroism


You were on level 4 of the Lair of Beasts.
You worshipped Okawaru.
Okawaru was pleased with you.
You visited 3 branches of the dungeon, and saw 13 of its levels.

You collected 569 gold pieces.
You spent 243 gold pieces at shops.

Inventory:

Hand Weapons
 w - the +4 scimitar of Experimentation {freeze, rElec rPois}
   (You bought it in a shop on level 2 of the Dungeon)

   rElec:     It insulates you from electricity.
   rPois:     It protects you from poison.
 A - the +7 staff of the Meek (weapon) {protect, meekguard}
   (You found it on level 7 of the Dungeon)
Missiles
 d - 4 throwing nets
 g - 41 stones
 m - 7 poisoned darts
 q - 2 boomerangs
 r - a silver boomerang (quivered)
Armour
 c - a +1 hat (worn)
 e - a +2 robe of positive energy
 h - +0 steam dragon scales (worn)
 n - a +0 cloak (worn)
 G - a +0 kite shield
Jewellery
 i - a ring of fire
 t - a +5 ring of evasion (left hand)
 u - a ring of willpower
 x - a +4 ring of protection (right hand)
 B - the ring "Wiprueru" {rCorr Str-4 Slay+5}
   (You found it on level 7 of the Dungeon)

   [ring of resist corrosion]

   Str:       It affects your strength (-4).
   Slay:      It affects your accuracy & damage with ranged weapons and melee
   (+5).
   rCorr:     It protects you from acid and corrosion.
 H - a ring of magical power
Wands
 s - a wand of light (5)
 v - a wand of charming (9)
 E - a wand of polymorph (8)
Scrolls
 a - a scroll of poison
 f - a scroll of amnesia
 j - 2 scrolls of immolation
 k - a scroll of silence
 p - 3 scrolls of identify
 y - a scroll of fog
Potions
 l - 3 potions of mutation
 o - 4 potions of curing
 F - a potion of might
 I - a potion of magic


   Skills:
 - Level 3.0 Fighting
 - Level 3.0 Axes
 + Level 16.7 Throwing
 - Level 3.0 Dodging
 * Level 5.0 Invocations


You had 10 spell levels left.
You didn't know any spells.
Your spell library contained the following spells:

 Spells                   Type           Power      Damage    Failure   Level
 Apportation              Tloc           0%         N/A       38%         1
 Portal Projectile        Hex/Tloc       0%         N/A       77%         3
 Vhi's Electric Charge    Tloc/Air       0%         N/A       77%         3
 Leda's Liquefaction      Hex/Erth       0%         N/A       99%         4
 Alistair's Intoxication  Tmut/Pois      0%         N/A       100%        5
 Arcjolt                  Conj/Air       0%         1d10      100%        5
 Maxwell's Capacitive Co  Air            0%         ∞         100%        8
 Chain Lightning          Conj/Air       0%         N/A       100%        9
 Fire Storm               Conj/Fire      0%         5d1       100%        9
 Shatter                  Erth           0%         3d5*      100%        9
 Call Canine Familiar     Summ           Unusable   N/A       N/A         3

Dungeon Overview and Level Annotations

Branches:
Dungeon (9/15)             Temple (1/1) D:5            Lair (2/5) D:8
  Swamp: Lair:2-3    Shoals: Lair:2-3     Snake: Lair:2-3    Spider: Lair:2-3
    Orc: D:9-12

Altars:
Dithmenos
Kikubaaqudgha
Makhleb
Okawaru
Xom
Zin
The Shining One

Shops:
D:2 :(   D:3 [=   D:8 (

Annotations:
Lair:4 Urug


Innate Abilities, Weirdness & Mutations

You are too large for most types of armour.
You have tough skin. (AC +1)


Message History

The polar bear looks as sick as possible!
You sock the polar bear!
You kill the polar bear!
Okawaru accepts your kill. x2
You feel a bit more experienced.
Urug throws a javelin.
The javelin closely misses you.
Urug hits you from afar with a +2 demon trident of freezing!
Urug freezes you!
* * * LOW HITPOINT WARNING * * *
You are confused.
You feel invigorated.
Urug hits you from afar with a +2 demon trident of freezing.
* * * LOW HITPOINT WARNING * * *
Urug freezes you.
* * * LOW HITPOINT WARNING * * *
The blink frog is engulfed in poison gas.
The blink frog is poisoned.
The blink frog blinks!
Urug throws a javelin.
The javelin barely misses you.
Non-targeted confused throw: boomerang (silver)
Press: ? - help, Q - select action, (/) - cycle Dir - look around, f - activate Look: Urug, wielding a +2 demon trident of freezing, wearing a +0 scale mail and quivering javelins (heavily wounded, very poisoned)
You throw a silver boomerang.
The silver boomerang hits the torpor snail!!
You kill the torpor snail!
Okawaru accepts your kill.
You feel yourself speed up. Urug closely misses you.
Your Invocations skill increases to level 5!
You're too confused to move!
Urug throws a javelin.
The javelin pierces through you!
* * * LOW HITPOINT WARNING * * *
The javelin closely misses the blink frog.
Found a yak corpse.
You feel less invigorated.
You feel less confused.
Urug hits you from afar with a +2 demon trident of freezing!!
* * * LOW HITPOINT WARNING * * *
Urug freezes you!
* * * LOW HITPOINT WARNING * * *
The blink frog hits you!
You die...

.....§.... ○##
.:....... ....
#P...°°.P §...
##.(....#####○....
#.......#○.○#.....
........§....°..§.
......○.o.○.☼☼§...
...†○☼.§.†.†☼.....
.......☼.Y@F.....§
........§○...○....
......$☼°..☼......
.................§
..................
..........?....
°..○°§☼§...☼..☼
.....†.F......#


You could see Urug (very poisoned), a yak (poisoned) and 2 blink frogs.

Vanquished Creatures
  4 elephants (Lair:1)
  3 torpor snails
  2 komodo dragons (D:8)
  A polar bear (Lair:4)
  3 blink frogs (Lair:4)
  A wyvern (D:8)
  10 yaks
  2 steam dragons
  4 water moccasins
  4 ice beasts
  2 orc warriors
  4 black bears
  4 sky beasts
  An ogre (D:6)
  4 centaurs
  5 wolves (Lair:1)
  2 phantoms
  Blork the orc (D:6)
  A kobold brigand (D:7)
  A necrophage (D:6)
  3 bullfrogs
  4 scorpions
  3 wights (D:8)
  3 hounds
  A jelly (D:6)
  5 orc priests
  A gnoll bouda (D:7)
  2 iguanas
  7 orc wizards
  7 gnolls
  10 adders
  3 white imps
  4 ufetubi
  2 worms
  2 dart slugs
  46 orcs
  10 ball pythons
  12 endoplasms
  4 giant cockroaches
  6 hobgoblins
  12 kobolds
  8 bats
  4 frilled lizards
  4 goblins
  5 rats
227 creatures vanquished.

Vanquished Creatures (others)
  A sky beast (D:7)
  A gnoll (D:7)
  5 fungi
  A plant (Lair:4)
8 creatures vanquished.

Grand Total: 235 creatures vanquished

Notes
Turn   | Place    | Note
-------+----------+-------------------------------------------
     0 | D:1      | Smoke131 the Ogre Gladiator began the quest for the Orb.
     0 | D:1      | Reached XP level 1. HP: 22/22 MP: 1/1
   114 | D:1      | Reached XP level 2. HP: 31/31 MP: 2/2
   657 | D:2      | Reached XP level 3. HP: 35/37 MP: 3/3
   684 | D:2      | Reached skill level 3 in Throwing
   684 | D:2      | Found Cunuodwafa's Antique Weapon Shoppe.
  1300 | D:2      | Found Igate's Book Shoppe.
  1416 | D:2      | You fall into a shaft and drop 2 floors!
  1467 | D:3      | Reached XP level 4. HP: 40/45 MP: 4/4
  1499 | D:3      | Reached skill level 4 in Throwing
  1689 | D:3      | Found Lonenoh's Antique Armour Boutique.
  2000 | D:3      | Found Kiqo's Jewellery Shoppe.
  2303 | D:2      | Reached XP level 5. HP: 35/53 MP: 5/5
  2465 | D:3      | Reached skill level 5 in Throwing
  3219 | D:4      | Noticed a black bear
  3242 | D:4      | Killed a black bear
  3243 | D:4      | Reached skill level 6 in Throwing
  3243 | D:4      | Reached XP level 6. HP: 40/61 MP: 6/6
  3709 | D:4      | Reached skill level 7 in Throwing
  3709 | D:4      | Reached XP level 7. HP: 59/67 MP: 7/7
  4016 | D:5      | Entered Level 5 of the Dungeon
  4238 | D:5      | Reached skill level 8 in Throwing
  4562 | D:5      | Found a staircase to the Ecumenical Temple.
  4696 | D:5      | Reached skill level 9 in Throwing
  4696 | D:5      | Reached XP level 8. HP: 42/75 MP: 8/8
  5300 | D:6      | Noticed Blork the orc
  5364 | D:6      | Killed Blork the orc
  5642 | D:6      | Reached skill level 10 in Throwing
  6140 | D:6      | Reached skill level 11 in Throwing
  6140 | D:6      | Reached XP level 9. HP: 66/81 MP: 9/9
  7008 | D:6      | Reached skill level 12 in Throwing
  7140 | D:2      | Bought a translucent scimitar for 243 gold pieces
  7140 | D:2      | Identified the +4 scimitar of Experimentation {freeze,
                  | rElec rPois} (You bought it in a shop on level 2 of the
                  | Dungeon)
  7954 | D:7      | Reached skill level 13 in Throwing
  8602 | D:7      | Found the +7 staff of the Meek {protect, meekguard}
  8711 | D:7      | Identified the ring "Wiprueru" {rCorr Str-4 Slay+5}
  8922 | D:8      | Reached XP level 10. HP: 89/91 MP: 10/10
  9214 | D:8      | Found Xusaxan's Antique Weapon Emporium.
  9330 | D:8      | Reached skill level 14 in Throwing
  9568 | D:8      | Found a staircase to the Lair.
 10861 | Lair:1   | Entered Level 1 of the Lair of Beasts
 11036 | Lair:1   | Noticed a torpor snail
 11060 | Lair:1   | Killed a torpor snail
 11061 | Lair:1   | Reached skill level 15 in Throwing
 11779 | Lair:1   | Noticed an elephant
 11780 | Lair:1   | Noticed an elephant
 11780 | Lair:1   | Noticed an elephant
 11791 | Lair:1   | Noticed an elephant
 11816 | Lair:1   | Killed an elephant
 11826 | Lair:1   | Killed an elephant
 11827 | Lair:1   | Reached skill level 16 in Throwing
 11827 | Lair:1   | Reached XP level 11. HP: 66/97 MP: 11/11
 12189 | Temple   | Entered the Ecumenical Temple
 12309 | Temple   | Became a worshipper of Warmaster Okawaru
 12717 | Lair:1   | Reached skill level 1 in Invocations
 12813 | Lair:2   | You fall into a shaft and drop 2 floors!
 12819 | Lair:4   | Noticed Urug
 12824 | Lair:4   | Reached * piety under Okawaru
 12831 | Lair:4   | Reached ** piety under Okawaru
 12832 | Lair:4   | Reached skill level 5 in Invocations
 12833 | Lair:4   | HP: 3/97 [Urug/+2 demon trident of freezing (7)]
 12833 | Lair:4   | Mangled by a blink frog

Illustrated notes

Levels and vault maps discovered:
D:1:      dpeg_arrival_long_road, layout_basic, grunt_decor_mini_mirrors,
          corexii_hall_statues_s
D:2:      kb_forest_paths, layout_basic, serial_shops, nicolae_shop_stone,
          nicolae_shop_statue_plus
D:3:      minmay_razor_zed, layout_basic, serial_shops,
          nicolae_shop_window_shopping, shop
D:4:      layout_cave_pools
D:5:      layout_gridville, temple_pool_b, minivault_5
D:6:      kennysheep_six_static_rooms, layout_layer_cave,
          minmay_strange_pillars, uniq_blork_the_orc
D:7:      layout_loops_cross, pf_guarded_unrand_meek
D:8:      layout_layer_cave, grunt_lair_entry_orc_guard_hut, serial_shops,
          kennysheep_mini
D:9:      layout_cave_pools, serial_shops, nicolae_shop_statue_plus
Temple:   mainiacjoe_temple_big_plus
Lair:1:   layout_cave_pods
Lair:2:   layout_cave_pods, spider_nest_entry_web_field,
          chequers_serial_rivers_micro_a, serial_bayou_shore_b
Lair:4:   layout_hall_layers, basic_altar, grunt_forest_small_clearings,
          infiniplex_staircase_pool_2, uniq_urug

Skill      XL: |  1  2  3  4  5  6  7  8  9 10 11 |
---------------+----------------------------------+-----
Fighting       | 3 |  3.0
Dodging        | 3 |  3.0
Throwing       | 3 4 6 7 9 11 13 16 | 16.7
Invocations    | 5 |  5.0
Axes           | |  3.0

Action                     |  1- 3 |  4- 6 |  7- 9 | 10-12 || total
---------------------------+-------+-------+-------+-------++-------
  Melee: War axe           |    46 |       |       |       ||    46
         Short sword       |    60 |    95 |       |       ||   155
         Whip              |       |    60 |   229 |       ||   289
         Punch             |       |     2 |     3 |       ||     5
         Scimitar          |       |       |   120 |       ||   120
         Quarterstaff      |       |       |    52 |   194 ||   246
  Throw: Boomerang         |       |    10 |     3 |     1 ||    14
         Stone             |       |     4 |    21 |       ||    25
         Dart              |       |     8 |    30 |    31 ||    69
         Large rock        |       |       |     8 |     5 ||    13
         Throwing net      |       |       |       |     1 ||     1
    Use: Scroll            |       |     9 |     9 |     8 ||    26
         Potion            |       |     1 |     2 |     2 ||     5
   Stab: Sleeping          |     3 |       |       |       ||     3
 Armour: Robe              |    34 |    57 |    72 |       ||   163
         Steam dragon scal |       |       |    80 |   134 ||   214
  Dodge: Dodged            |    48 |    89 |   365 |   238 ||   740

Table legend: (Time is in decaauts)
 A = Elapsed time spent in this place.
 B = Non-inter-level travel time spent in this place.
 C = Inter-level travel time spent in this place.
 D = Time resting spent in this place.
 E = Time spent auto-exploring this place.
 F = Levels seen in this place.
 G = Mean time per level.
                   A        B        C        D        E       F      G
               +--------+--------+--------+--------+--------+-----+--------+
         Total |  12965 |  12233 |    732 |   1214 |   7787 |  13 |  997.3 |
       Dungeon |  11174 |  10483 |    691 |    878 |   6790 |   9 | 1241.6 |
        Temple |    161 |    161 |      0 |      0 |    124 |   1 |  161.0 |
          Lair |   1628 |   1588 |     40 |    336 |    873 |   3 |  542.7 |
               +--------+--------+--------+--------+--------+-----+--------+

Top non-repeatable levels by time:
     D:6: 2130 daAuts
     D:8: 1995 daAuts
     D:3: 1655 daAuts
  Lair:1: 1598 daAuts
     D:7: 1474 daAuts
     D:5: 1439 daAuts
     D:2: 935 daAuts
     D:4: 877 daAuts
     D:1: 663 daAuts
  Temple: 161 daAuts
  Lair:4: 29 daAuts
     D:9: 1 daAuts
